 Dungeon Crawl Stone Soup version 0.25-a0-713-g4845790874 (webtiles) character file.

Game seed: 11627675752579472939, levelgen mode: deterministic

154 Anathary the Slasher (level 5, -3/41 HPs)
             Began as a Demonspawn Fighter on Apr 5, 2020.
             Slain by a gnoll
             ... wielding a +0 club
              (6 damage)
             ... on level 4 of the Dungeon.
             The game lasted 00:10:04 (3348 turns).

Anathary the Slasher (Demonspawn Fighter)           Turns: 3348, Time: 00:10:07

Health: -3/41      AC: 10    Str: 17    XL:     5   Next: 13%
Magic:  5/5        EV:  4    Int:  9    God:
Gold:   167        SH:  8    Dex: 13    Spells: 4/4 levels left

rFire    . . .     SeeInvis .   a - +0 long sword
rCold    . . .     Gourm    .   c - +0 kite shield
rNeg     . . .     Faith    .   g - +2 chain mail {MR+}
rPois    .         Spirit   .   (no helmet)
rElec    .         Reflect  .   (no cloak)
rCorr    .         Harm     .   (no gloves)
MR       +....                  (no boots)
Stlth    ..........             (no amulet)
HPRegen  0.13/turn              (no ring)
MPRegen  0.09/turn              (no ring)

@: no status effects
A: claws 2, powered by pain 2
a: no special abilities


You were on level 4 of the Dungeon.
You were not hungry.

You visited 1 branch of the dungeon, and saw 4 of its levels.

You collected 167 gold pieces.

Inventory:

Hand Weapons
 a - a +0 long sword (weapon)
Armour
 b - a +0 scale mail
 c - a +0 kite shield (worn)
 g - a +2 chain mail of magic resistance (worn)
Jewellery
 n - an uncursed amulet of regeneration {unknown}
Scrolls
 i - a scroll of amnesia {unknown}
 j - 2 scrolls of fear {unknown}
 k - a scroll of teleportation {unknown}
 p - a scroll of enchant armour {unknown}
 r - 2 scrolls of enchant weapon {unknown}
 s - 2 scrolls of identify {unknown}
Potions
 d - a potion of might
 e - 2 potions of degeneration {unknown}
 h - a potion of heal wounds {unknown}
 l - a potion of ambrosia {unknown}
 m - a potion of brilliance {unknown}
 o - 3 potions of curing {unknown}
 q - 2 potions of lignification {unknown}
Comestibles
 f - a ration


   Skills:
 - Level 3.0 Fighting
 + Level 4.9 Long Blades
 - Level 2.6 Armour
 - Level 0.2 Stealth
 - Level 2.6 Shields


You had 4 spell levels left.
You didn't know any spells.
Your spell library contained the following spells:

 Spells                   Type           Power        Failure   Level  Hunger
 Magic Dart               Conj           #...         100%        1    ##.....
 Blink                    Tloc           N/A          100%        2    ###....
 Call Imp                 Summ           #.......     100%        2    ###....
 Slow                     Hex            #.......     100%        2    ###....
 Conjure Flame            Conj/Fire      #.......     100%        3    ####...
 Mephitic Cloud           Conj/Pois/Air  #.......     100%        3    ####...


Dungeon Overview and Level Annotations

Branches:
Dungeon (4/15)
 Temple: D:4-7

Altars:
Elyvilon
Nemelex Xobeh
Okawaru

Annotations:
D:4 Blork the orc


Innate Abilities, Weirdness & Mutations

You have very sharp fingernails.
You sometimes gain power by taking damage.


Message History

The gnoll hits you but does no damage. x2
You hit the gnoll but do no damage.
The gnoll hits you from afar with a +0 halberd.
The gnoll hits you with a +0 club.
The gnoll hits you from afar with a cursed -1 spear.
You hit the gnoll.
The gnoll is lightly wounded.
The gnoll hits you from afar with a +0 halberd.
* * * LOW HITPOINT WARNING * * *
The gnoll hits you with a +0 club.
* * * LOW HITPOINT WARNING * * *
The gnoll hits you but does no damage.
Your shield and chain mail prevent you from hitting the gnoll.
The gnoll is lightly wounded.
You block the gnoll's attack.
The gnoll hits you from afar with a +0 halberd!
* * * LOW HITPOINT WARNING * * *
The gnoll hits you but does no damage. You block the gnoll's attack.
The gnoll hits you with a +0 club.
You die...

#### #..# # ##...##
#######g#..#
#..#..####....@ggg..#
##..##.......#####o....
#..###..###### .(.
##........# .
#..........#
....###.....# .####
##....... ## #....... #
#...##...


You could see 4 gnolls and an orc.

Vanquished Creatures
  A bullfrog skeleton (D:4)
  Jessica (D:3)
  3 adders (D:2)
  An ooze (D:1)
  2 worms
  2 dart slugs (D:1)
  4 leopard geckos
  An orc (D:3)
  A ball python (D:2)
  4 bats
  3 giant cockroaches
  8 goblins
  4 hobgoblins
  2 jackals (D:2)
  4 kobolds (D:2)
  2 quokkas (D:3)
  6 frilled lizards
  A quokka zombie (D:3)
  3 rats
53 creatures vanquished.

Notes
Turn   | Place    | Note
-------+----------+-------------------------------------------
     0 | D:1      | Anathary the Demonspawn Fighter began the quest for the
                  | Orb.
     0 | D:1      | Reached XP level 1. HP: 18/18 MP: 1/1
    70 | D:1      | Reached skill level 2 in Long Blades
   244 | D:1      | Gained mutation: You sometimes gain a little power by
                  | taking damage. [demonic ancestry]
   244 | D:1      | Reached XP level 2. HP: 21/24 MP: 2/2
   391 | D:1      | Reached skill level 3 in Long Blades
   737 | D:2      | Gained mutation: You have sharp fingernails. [demonic
                  | ancestry]
   737 | D:2      | Reached XP level 3. HP: 20/29 MP: 3/3
   901 | D:2      | Found a sparkling altar of Nemelex Xobeh.
  1511 | D:2      | Gained mutation: You sometimes gain power by taking damage.
                  | [demonic ancestry]
  1511 | D:2      | Reached XP level 4. HP: 25/35 MP: 4/4
  1713 | D:2      | Reached skill level 4 in Long Blades
  2449 | D:3      | Found a white marble altar of Elyvilon.
  2511 | D:3      | Noticed Jessica
  2520 | D:3      | Killed Jessica
  2794 | D:3      | Found an iron altar of Okawaru.
  3171 | D:4      | Noticed Blork the orc
  3319 | D:4      | Gained mutation: You have very sharp fingernails. [demonic
                  | ancestry]
  3319 | D:4      | Reached XP level 5. HP: 36/41 MP: 5/5
  3348 | D:4      | Slain by a gnoll

Levels and vault maps discovered:
D:1:      lightli_iron_boxes, layout_basic
D:2:      layout_basic, marbit_many_paths
D:3:      layout_loops_cross, elyvilon_altar_1, lemuel_coloured_pillars_altar,
          serial_bayou_pond_c, uniq_jessica
D:4:      cheibrodos_quashed, layout_layer_cave, temple_pool_b, serial_shops,
          shop_statue, first_ration, chequers_serial_rivers_room_b, uniq_ijyb,
          uniq_blork_the_orc

Skill      XL: |  1  2  3  4 |
---------------+-------------+-----
Long Blades    | 2 3 4 |  4.9
Fighting       | |  3.0
Armour         | |  2.6
Stealth        | |  0.2
Shields        | |  2.6

Action                   |  1- 3 |  4- 6 || total
-------------------------+-------+-------++-------
Melee: Long sword        |   143 |   107 ||   250
  Eat: Ration            |     1 |     2 ||     3
Armor: Chain mail        |    99 |    71 ||   170
Dodge: Dodged            |    34 |    24 ||    58
Block: Kite shield       |    65 |    56 ||   121
       Rpst.: Long sword |    16 |    10 ||    26

Table legend:
 A = Non-vault XP
 B = Vault XP
 C = Vault XP percentage of total XP
 D = Non-vault monster count
 E = Vault monster count
 F = Vault count percentage of total count
                 A         B        C        D         E       F
            +---------+---------+-------+---------+---------+-------
      Total |     181 |      39 |  17.7 |      51 |       2 |   3.8
            +---------+---------+-------+---------+---------+-------
        D:1 |      33 |       0 |   0.0 |      13 |       0 |   0.0
        D:2 |      75 |       2 |   2.6 |      20 |       1 |   4.8
        D:3 |      32 |      37 |  53.6 |      16 |       1 |   5.9
        D:4 |      41 |       0 |   0.0 |       2 |       0 |   0.0
            +---------+---------+-------+---------+---------+-------
